TOP OF THE 1ST |
Los Cabos Cartel batting - Pitching for Irvine Gang Green : RHP Jung Chwa
|
Pitching: RHP Jung Chwa
|
|
Batting: RHB Fernando Martínez
|
0-0: Called Strike 0-1: Called Strike 0-2: Ball 1-2: Strikes out swinging
|
Batting: RHB Stephen Wilson
|
0-0: Swinging Strike 0-1: Foul Ball, location: 2F 0-2: Ball 1-2: Strikes out swinging
|
Batting: SHB Julián Madrid
|
0-0: Ball 1-0: Ball 2-0: Ball 3-0: Base on Balls
|
Batting: RHB Edward Young
|
0-0: Ball 1-0: Called Strike 1-1: DOUBLE (Line Drive, 78D) Julián Madrid to third
|
Batting: LHB Willie Wallace
|
0-0: Ball 1-0: Foul Ball, location: 2F 1-1: Called Strike 1-2: Strikes out swinging
|
Top of the 1st over - 0 run(s), 1 hit(s), 0 error(s), 2 left on base; Los Cabos 0 - Irvine 0 |
BOTTOM OF THE 1ST |
Irvine Gang Green batting - Pitching for Los Cabos Cartel : RHP Toshikasu Kiyomizu
|
Pitching: RHP Toshikasu Kiyomizu
|
|
Batting: RHB José Salazar
|
0-0: Foul Ball, location: 2F 0-1: Foul Ball, location: 2F 0-2: Ball 1-2: SINGLE (Line Drive, 6M)
|
Batting: LHB Jorge Martínez
|
0-0: Ball 1-0: Called Strike 1-1: Ball 2-1: Foul Ball, location: 2F 2-2: Fly out, F7 (Flyball, 7D)
|
Batting: LHB Jesús Campos
|
0-0: Ball 1-0: Ball 2-0: Foul Ball, location: 2F 2-1: Called Strike 2-2: Ball 3-2: SINGLE (Line Drive, 7S) José Salazar to second
|
Batting: LHB Víctor Quiñones
|
0-0: Ball 1-0: Ball 2-0: Foul Ball, location: 2F 2-1: Swinging Strike 2-2: Strikes out looking
|
Batting: RHB Buck Jones
|
0-0: Ball 1-0: Ball 2-0: Ball 3-0: Called Strike 3-1: Base on Balls José Salazar to third Jesús Campos to second
|
Batting: LHB Bill Murphy
|
0-0: Fly out, F9 (Flyball, 89M)
|
Bottom of the 1st over - 0 run(s), 2 hit(s), 0 error(s), 3 left on base; Los Cabos 0 - Irvine 0 |
TOP OF THE 2ND |
Los Cabos Cartel batting - Pitching for Irvine Gang Green : RHP Jung Chwa
|
Batting: LHB Tom Waller
|
0-0: Foul Ball, location: 2F 0-1: Swinging Strike 0-2: Ground out 4-3 (Groundball, 4)
|
Batting: SHB Javier Villegas
|
0-0: Ball 1-0: Foul Ball, location: 2F 1-1: Ball 2-1: Called Strike 2-2: DOUBLE (Line Drive, 5D)
|
Batting: LHB Pablo Reyes
|
0-0: Ball 1-0: Ball 2-0: Fly out, F3 (Flyball, 34D)
|
Batting: RHB Vern Carlton
|
0-0: Ball 1-0: Ground out 4-3 (Groundball, 4)
|
Top of the 2nd over - 0 run(s), 1 hit(s), 0 error(s), 1 left on base; Los Cabos 0 - Irvine 0 |
BOTTOM OF THE 2ND |
Irvine Gang Green batting - Pitching for Los Cabos Cartel : RHP Toshikasu Kiyomizu
|
Batting: RHB Eichiro Yamamoto
|
0-0: Ground out 5-3 (Groundball, 56S)
|
Batting: RHB Raúl Salas
|
0-0: Ball 1-0: Foul Ball, location: 2F 1-1: Foul Ball, location: 2F 1-2: Strikes out swinging
|
Batting: RHB Ronnie Brown
|
0-0: Ball 1-0: Fly out, F8 (Flyball, 8RS)
|
Bottom of the 2nd over - 0 run(s), 0 hit(s), 0 error(s), 0 left on base; Los Cabos 0 - Irvine 0 |
TOP OF THE 3RD |
Los Cabos Cartel batting - Pitching for Irvine Gang Green : RHP Jung Chwa
|
Batting: RHB Fernando Martínez
|
0-0: Ball 1-0: Called Strike 1-1: Fly out, F9 (Flyball, 9S)
|
Batting: RHB Stephen Wilson
|
0-0: Fly out, F9 (Line Drive, 9)
|
Batting: SHB Julián Madrid
|
0-0: Ball 1-0: Ball 2-0: SINGLE (Groundball, 4MD)
|
Batting: RHB Edward Young
|
0-0: Called Strike 0-1: TRIPLE (Flyball, 7D) Julián Madrid scores
|
Batting: LHB Willie Wallace
|
0-0: DOUBLE (Line Drive, 89M) Edward Young scores
|
Batting: LHB Tom Waller
|
0-0: Fly out, F7 (Flyball, 7)
|
Top of the 3rd over - 2 run(s), 3 hit(s), 0 error(s), 1 left on base; Los Cabos 2 - Irvine 0 |
BOTTOM OF THE 3RD |
Irvine Gang Green batting - Pitching for Los Cabos Cartel : RHP Toshikasu Kiyomizu
|
Batting: RHB José Salazar
|
0-0: Ball 1-0: Ball 2-0: Ball 3-0: Called Strike 3-1: Called Strike 3-2: Base on Balls
|
Batting: LHB Jorge Martínez
|
0-0: Ball 1-0: Swinging Strike 1-1: Called Strike 1-2: Foul Ball, location: 2F 1-2: Foul Ball, location: 2F 1-2: Foul Ball, location: 2F 1-2: Ball 2-2: Fly out, F8 (Flyball, 8LXD)
|
Batting: LHB Jesús Campos
|
0-0: Called Strike 0-1: SINGLE (Groundball, 4D) José Salazar to second Runner from 2nd tries for 3rd, SAFE, throw made to third
|
Batting: LHB Víctor Quiñones
|
0-0: Ball 1-0: Fly out, F3 (Line Drive, 34S)
|
Batting: RHB Buck Jones
|
0-0: Ball 1-0: Foul Ball, location: 2F 1-1: Ball 2-1: Ball 3-1: Base on Balls Jesús Campos to second
|
Batting: LHB Bill Murphy
|
0-0: Called Strike 0-1: Ball 1-1: Fly out, F8 (Flyball, 8LM)
|
Bottom of the 3rd over - 0 run(s), 1 hit(s), 0 error(s), 3 left on base; Los Cabos 2 - Irvine 0 |
TOP OF THE 4TH |
Los Cabos Cartel batting - Pitching for Irvine Gang Green : RHP Jung Chwa
|
Batting: SHB Javier Villegas
|
0-0: Ball 1-0: Ball 2-0: Called Strike 2-1: Foul Ball, location: 2F 2-2: Strikes out swinging
|
Batting: LHB Pablo Reyes
|
0-0: Called Strike 0-1: Ground out 6-3 (Groundball, 6S)
|
Batting: RHB Vern Carlton
|
0-0: Called Strike 0-1: Swinging Strike 0-2: Foul Ball, location: 2F 0-2: Fly out, F7 (Line Drive, 7LS)
|
Top of the 4th over - 0 run(s), 0 hit(s), 0 error(s), 0 left on base; Los Cabos 2 - Irvine 0 |
BOTTOM OF THE 4TH |
Irvine Gang Green batting - Pitching for Los Cabos Cartel : RHP Toshikasu Kiyomizu
|
Batting: RHB Eichiro Yamamoto
|
0-0: Ball 1-0: SINGLE (Groundball, 34D)
|
Batting: RHB Raúl Salas
|
0-0: Called Strike 0-1: Ball 1-1: Ball 2-1: Ball 3-1: Foul Ball, location: 2F 3-2: Foul Ball, location: 2F 3-2: Strikes out swinging Eichiro Yamamoto steals 2nd base Batter strikes out.
|
Batting: RHB Ronnie Brown
|
0-0: Called Strike 0-1: Ball 1-1: Foul Ball, location: 2F 1-2: Ball 2-2: Strikes out swinging
|
Batting: RHB José Salazar
|
0-0: Ball 1-0: Ball 2-0: Ball 3-0: Swinging Strike 3-1: Base on Balls
|
Batting: LHB Jorge Martínez
|
0-0: Called Strike 0-1: Ball 1-1: Swinging Strike 1-2: Ball 2-2: Ball 3-2: Base on Balls Eichiro Yamamoto to third José Salazar to second
|
Batting: LHB Jesús Campos
|
0-0: Called Strike 0-1: Ball 1-1: Fly out, F7 (Flyball, 7LS)
|
Bottom of the 4th over - 0 run(s), 1 hit(s), 0 error(s), 3 left on base; Los Cabos 2 - Irvine 0 |
TOP OF THE 5TH |
Los Cabos Cartel batting - Pitching for Irvine Gang Green : RHP Jung Chwa
|
Batting: RHB Fernando Martínez
|
0-0: Called Strike 0-1: Ball 1-1: Ball 2-1: Called Strike 2-2: Foul Ball, location: 2F 2-2: Ball 3-2: Foul Ball, location: 2F 3-2: Strikes out swinging
|
Batting: RHB Stephen Wilson
|
0-0: Foul Ball, location: 2F 0-1: Called Strike 0-2: Ball 1-2: Ball 2-2: Foul Ball, location: 2F 2-2: Ball 3-2: Foul Ball, location: 2F 3-2: Fly out, F3 (Popup, 3L)
|
Batting: SHB Julián Madrid
|
0-0: Swinging Strike 0-1: Ball 1-1: Called Strike 1-2: Ball 2-2: Ball 3-2: Strikes out looking
|
Top of the 5th over - 0 run(s), 0 hit(s), 0 error(s), 0 left on base; Los Cabos 2 - Irvine 0 |
BOTTOM OF THE 5TH |
Irvine Gang Green batting - Pitching for Los Cabos Cartel : RHP Toshikasu Kiyomizu
|
Batting: LHB Víctor Quiñones
|
0-0: Ball 1-0: Called Strike 1-1: Ground out U3 (Groundball, 3L)
|
Batting: RHB Buck Jones
|
0-0: Ball 1-0: Foul Ball, location: 2F 1-1: Swinging Strike 1-2: Fly out, F7 (Flyball, 7)
|
Batting: LHB Bill Murphy
|
0-0: Ball 1-0: Foul Ball, location: 2F 1-1: Ball 2-1: Foul Ball, location: 2F 2-2: Foul Ball, location: 2F 2-2: Ball 3-2: Strikes out looking
|
Bottom of the 5th over - 0 run(s), 0 hit(s), 0 error(s), 0 left on base; Los Cabos 2 - Irvine 0 |
TOP OF THE 6TH |
Los Cabos Cartel batting - Pitching for Irvine Gang Green : RHP Jung Chwa
|
Batting: RHB Edward Young
|
0-0: Called Strike 0-1: Ball 1-1: Foul Ball, location: 2F 1-2: Ball 2-2: Ball 3-2: Hit by Pitch
|
Batting: LHB Willie Wallace
|
0-0: Grounds into double play, 1-6-3 (Groundball, P)
|
Batting: LHB Tom Waller
|
0-0: Ball 1-0: Foul Ball, location: 2F 1-1: Ball 2-1: Ball 3-1: Ground out 3-1 (Groundball, 34)
|
Top of the 6th over - 0 run(s), 0 hit(s), 0 error(s), 0 left on base; Los Cabos 2 - Irvine 0 |
BOTTOM OF THE 6TH |
Irvine Gang Green batting - Pitching for Los Cabos Cartel : RHP Toshikasu Kiyomizu
|
Batting: RHB Eichiro Yamamoto
|
0-0: Ball 1-0: Bunt for hit - play at first, batter OUT! 5-3
|
Batting: RHB Raúl Salas
|
0-0: Ball 1-0: Ball 2-0: Foul Ball, location: 2F 2-1: Ball 3-1: Base on Balls
|
Batting: RHB Ronnie Brown
|
0-0: Ball 1-0: Ball 2-0: SINGLE (Groundball, 56) (infield hit) Raúl Salas to second
|
Batting: RHB José Salazar
|
0-0: Ball 1-0: Foul Ball, location: 2F 1-1: Swinging Strike 1-2: Foul Ball, location: 2F 1-2: Grounds into double play, 1-6-3 (Groundball, P)
|
Bottom of the 6th over - 0 run(s), 1 hit(s), 0 error(s), 1 left on base; Los Cabos 2 - Irvine 0 |
TOP OF THE 7TH |
Los Cabos Cartel batting - Pitching for Irvine Gang Green : RHP Jung Chwa
|
Batting: SHB Javier Villegas
|
0-0: Ball 1-0: Called Strike 1-1: Fly out, F7 (Flyball, 7S)
|
Batting: LHB Pablo Reyes
|
0-0: Foul Ball, location: 2F 0-1: Foul Ball, location: 2F 0-2: Ball 1-2: Foul Ball, location: 2F 1-2: Strikes out swinging
|
Batting: RHB Vern Carlton
|
0-0: Fly out, F9 (Flyball, 9LS)
|
Top of the 7th over - 0 run(s), 0 hit(s), 0 error(s), 0 left on base; Los Cabos 2 - Irvine 0 |
BOTTOM OF THE 7TH |
Irvine Gang Green batting - Pitching for Los Cabos Cartel : RHP Toshikasu Kiyomizu
|
Batting: LHB Jorge Martínez
|
0-0: Foul Ball, location: 2F 0-1: Ball 1-1: Foul Ball, location: 2F 1-2: SINGLE (Line Drive, 6)
|
Pitching: RHP José Ruíz
|
|
Batting: LHB Jesús Campos
|
0-0: Ball 1-0: Ball 2-0: Called Strike 2-1: Foul Ball, location: 2F 2-2: Strikes out swinging
|
Batting: LHB Víctor Quiñones
|
0-0: Called Strike 0-1: SINGLE (Groundball, 34D) Jorge Martínez to second Runner from 2nd tries for 3rd, SAFE, throw made to third
|
Batting: RHB Buck Jones
|
0-0: Ball 1-0: Foul Ball, location: 2F 1-1: Swinging Strike 1-2: Ball 2-2: Ball 3-2: Fly out, F8 (Flyball, 89S) Runner from 3rd tags up, SCORES, no throw
|
Batting: LHB Bill Murphy
|
0-0: Fly out, F8 (Flyball, 89XD)
|
Bottom of the 7th over - 1 run(s), 2 hit(s), 0 error(s), 1 left on base; Los Cabos 2 - Irvine 1 |
TOP OF THE 8TH |
Los Cabos Cartel batting - Pitching for Irvine Gang Green : RHP Jung Chwa
|
Batting: RHB Fernando Martínez
|
0-0: Ball 1-0: Ball 2-0: Foul Ball, location: 2F 2-1: Fly out, F5 (Popup, 56)
|
Batting: RHB Stephen Wilson
|
0-0: Ball 1-0: Ball 2-0: Foul Ball, location: 2F 2-1: Swinging Strike 2-2: Ball 3-2: Fly out, F7 (Flyball, 7D)
|
Batting: SHB Julián Madrid
|
0-0: Ground out 4-3 (Groundball, 34)
|
Top of the 8th over - 0 run(s), 0 hit(s), 0 error(s), 0 left on base; Los Cabos 2 - Irvine 1 |
BOTTOM OF THE 8TH |
Irvine Gang Green batting - Pitching for Los Cabos Cartel : RHP José Ruíz
|
Pitching: RHP Pierre Deschênes
|
|
Batting: RHB Eichiro Yamamoto
|
0-0: Ball 1-0: Foul Ball, location: 2F 1-1: Ball 2-1: SINGLE (Flyball, 89S)
|
Batting: RHB Raúl Salas
|
0-0: Grounds into double play, 5-4-3 (Groundball, 56)
|
Batting: RHB Ronnie Brown
|
0-0: Ground out 4-3 (Groundball, 4)
|
Bottom of the 8th over - 0 run(s), 1 hit(s), 0 error(s), 0 left on base; Los Cabos 2 - Irvine 1 |
TOP OF THE 9TH |
Los Cabos Cartel batting - Pitching for Irvine Gang Green : RHP Jung Chwa
|
Pitching: RHP Mike Fisher
|
|
Batting: RHB Edward Young
|
0-0: Foul Ball, location: 2F 0-1: Foul Ball, location: 2F 0-2: Ball 1-2: Ball 2-2: Strikes out swinging
|
Batting: LHB Willie Wallace
|
0-0: Foul Ball, location: 2F 0-1: Swinging Strike 0-2: Ball 1-2: Ball 2-2: Strikes out swinging
|
Batting: LHB Tom Waller
|
0-0: Ball 1-0: Ball 2-0: Foul Ball, location: 2F 2-1: Called Strike 2-2: Ball 3-2: Strikes out swinging
|
Top of the 9th over - 0 run(s), 0 hit(s), 0 error(s), 0 left on base; Los Cabos 2 - Irvine 1 |
BOTTOM OF THE 9TH |
Irvine Gang Green batting - Pitching for Los Cabos Cartel : RHP Pierre Deschênes
|
Pitching: LHP António Martínez
|
|
Batting: RHB José Salazar
|
0-0: Foul Ball, location: 2F 0-1: SINGLE (Groundball, 56S) (infield hit)
|
Batting: LHB Jorge Martínez
|
0-0: DOUBLE (Flyball, 8RXD) José Salazar to third Runner from 3rd tries for Home, SAFE, throw made home
|
Batting: LHB Jesús Campos
|
0-0: Called Strike 0-1: Ball 1-1: Ball 2-1: Foul Ball, location: 2F 2-2: Foul Ball, location: 2F 2-2: Fly out, F4 (Line Drive, 4)
|
Batting: LHB Víctor Quiñones
|
0-0: Called Strike 0-1: Fly out, F9 (Line Drive, 9D) Runner from 2nd tags up, SAFE at 3rd, no throw
|
Batting: RHB Buck Jones
|
0-0: Ground out 6-3 (Groundball, 6)
|
Bottom of the 9th over - 1 run(s), 2 hit(s), 0 error(s), 1 left on base; Los Cabos 2 - Irvine 2 |
TOP OF THE 10TH |
Los Cabos Cartel batting - Pitching for Irvine Gang Green : RHP Mike Fisher
|
Pinch Hitting: LHB Stanley Mullins
|
0-0: Fly out, F8 (Flyball, 8LD)
|
Batting: LHB Pablo Reyes
|
0-0: Ground out 4-3 (Groundball, 4)
|
Pinch Hitting: SHB Rob Grun
|
0-0: Ball 1-0: Swinging Strike 1-1: Foul Ball, location: 2F 1-2: Strikes out swinging
|
Top of the 10th over - 0 run(s), 0 hit(s), 0 error(s), 0 left on base; Los Cabos 2 - Irvine 2 |
BOTTOM OF THE 10TH |
Irvine Gang Green batting - Pitching for Los Cabos Cartel : LHP António Martínez
|
Now at 3B: Danny Crouch
|
|
Now at SS: Fernando Gálvez
|
|
Batting: LHB Bill Murphy
|
0-0: Foul Ball, location: 2F 0-1: Ball 1-1: Called Strike 1-2: Ground out 4-3 (Groundball, 34)
|
Batting: RHB Eichiro Yamamoto
|
0-0: Ball 1-0: Ball 2-0: Swinging Strike 2-1: SINGLE (Groundball, 56D)
|
Batting: RHB Raúl Salas
|
0-0: Ball 1-0: Ball 2-0: Ball 3-0: Called Strike 3-1: Foul Ball, location: 2F 3-2: Strikes out swinging
|
Pitching: RHP Pedro Hernández
|
|
Pinch Hitting: LHB José Sánchez
|
0-0: Called Strike 0-1: Hit by Pitch Eichiro Yamamoto to second
|
Batting: RHB José Salazar
|
0-0: Ball 1-0: Fly out, F5 (Popup, 5S)
|
Bottom of the 10th over - 0 run(s), 1 hit(s), 0 error(s), 2 left on base; Los Cabos 2 - Irvine 2 |
TOP OF THE 11TH |
Los Cabos Cartel batting - Pitching for Irvine Gang Green : RHP Mike Fisher
|
Pitching: RHP Kuang-yin Yue
|
|
Now at 2B: José Sánchez
|
|
Pinch Hitting: LHB José Román
|
0-0: Called Strike 0-1: Swinging Strike 0-2: Ball 1-2: Ground out U3 (Groundball, 34)
|
Batting: RHB Stephen Wilson
|
0-0: Ball 1-0: Ball 2-0: Ball 3-0: Swinging Strike 3-1: Swinging Strike 3-2: Strikes out swinging
|
Batting: SHB Julián Madrid
|
0-0: Called Strike 0-1: Swinging Strike 0-2: Ball 1-2: Ball 2-2: Foul Ball, location: 2F 2-2: Ball 3-2: Base on Balls
|
Batting: RHB Edward Young
|
0-0: Called Strike 0-1: Called Strike 0-2: Ball 1-2: Foul Ball, location: 2F 1-2: Strikes out swinging
|
Top of the 11th over - 0 run(s), 0 hit(s), 0 error(s), 1 left on base; Los Cabos 2 - Irvine 2 |
BOTTOM OF THE 11TH |
Irvine Gang Green batting - Pitching for Los Cabos Cartel : RHP Pedro Hernández
|
Now in RF: José Román
|
|
Batting: LHB Jorge Martínez
|
0-0: Called Strike 0-1: Foul Ball, location: 2F 0-2: Ball 1-2: Ground out 4-3 (Groundball, 4M)
|
Batting: LHB Jesús Campos
|
0-0: Ball 1-0: Ground out 6-3 (Groundball, 6)
|
Batting: LHB Víctor Quiñones
|
0-0: Called Strike 0-1: Ball 1-1: Ball 2-1: Foul Ball, location: 2F 2-2: Ground out 4-3 (Groundball, 4)
|
Bottom of the 11th over - 0 run(s), 0 hit(s), 0 error(s), 0 left on base; Los Cabos 2 - Irvine 2 |
TOP OF THE 12TH |
Los Cabos Cartel batting - Pitching for Irvine Gang Green : RHP Kuang-yin Yue
|
Batting: LHB Willie Wallace
|
0-0: Called Strike 0-1: Called Strike 0-2: Ball 1-2: Strikes out swinging
|
Batting: LHB Tom Waller
|
0-0: Ball 1-0: Foul Ball, location: 2F 1-1: Called Strike 1-2: Strikes out looking
|
Batting: RHB Danny Crouch
|
0-0: DOUBLE (Line Drive, 7LD)
|
Batting: LHB Pablo Reyes
|
0-0: Swinging Strike 0-1: Ball 1-1: Called Strike 1-2: Strikes out swinging
|
Top of the 12th over - 0 run(s), 1 hit(s), 0 error(s), 1 left on base; Los Cabos 2 - Irvine 2 |
BOTTOM OF THE 12TH |
Irvine Gang Green batting - Pitching for Los Cabos Cartel : RHP Pedro Hernández
|
Batting: RHB Buck Jones
|
0-0: Foul Ball, location: 2F 0-1: Foul Ball, location: 2F 0-2: Fly out, F8 (Flyball, 8LD)
|
Batting: LHB Bill Murphy
|
0-0: Called Strike 0-1: Called Strike 0-2: Ball 1-2: Ball 2-2: Ball 3-2: Fly out, F8 (Flyball, 8RD)
|
Batting: RHB Eichiro Yamamoto
|
0-0: Ball 1-0: Called Strike 1-1: Ball 2-1: Foul Ball, location: 2F 2-2: Ball 3-2: Strikes out looking
|
Bottom of the 12th over - 0 run(s), 0 hit(s), 0 error(s), 0 left on base; Los Cabos 2 - Irvine 2 |
TOP OF THE 13TH |
Los Cabos Cartel batting - Pitching for Irvine Gang Green : RHP Kuang-yin Yue
|
Batting: RHB Fernando Gálvez
|
0-0: Called Strike 0-1: Swinging Strike 0-2: Strikes out swinging
|
Pitching: RHP Raúl Saltines
|
|
Batting: LHB José Román
|
0-0: Foul Ball, location: 2F 0-1: Ball 1-1: Ball 2-1: Ball 3-1: Called Strike 3-2: Fly out, F8 (Line Drive, 8RD)
|
Batting: RHB Stephen Wilson
|
0-0: Ball 1-0: DOUBLE (Groundball, 5L)
|
Batting: SHB Julián Madrid
|
0-0: Ball 1-0: Called Strike 1-1: Called Strike 1-2: Ball 2-2: Ball 3-2: Foul Ball, location: 2F 3-2: Foul Ball, location: 2F 3-2: Base on Balls
|
Batting: RHB Edward Young
|
0-0: Ball 1-0: Called Strike 1-1: Fly out, F8 (Flyball, 8LM)
|
Top of the 13th over - 0 run(s), 1 hit(s), 0 error(s), 2 left on base; Los Cabos 2 - Irvine 2 |
BOTTOM OF THE 13TH |
Irvine Gang Green batting - Pitching for Los Cabos Cartel : RHP Pedro Hernández
|
Batting: RHB Raúl Salas
|
0-0: Swinging Strike 0-1: Swinging Strike 0-2: Fly out, F7 (Flyball, 7)
|
Batting: LHB José Sánchez
|
0-0: Ball 1-0: Swinging Strike 1-1: Swinging Strike 1-2: Foul Ball, location: 2F 1-2: Foul Ball, location: 2F 1-2: Foul Ball, location: 2F 1-2: Foul Ball, location: 2F 1-2: Ball 2-2: Ball 3-2: Base on Balls
|
Batting: RHB José Salazar
|
0-0: Ball 1-0: Called Strike 1-1: Swinging Strike 1-2: Strikes out swinging
|
Pitching: RHP Ángel Lara
|
|
Batting: LHB Jorge Martínez
|
0-0: Foul Ball, location: 2F 0-1: Called Strike 0-2: Foul Ball, location: 2F 0-2: Ball 1-2: Ball 2-2: Fly out, F5 (Popup, 5D)
|
Bottom of the 13th over - 0 run(s), 0 hit(s), 0 error(s), 1 left on base; Los Cabos 2 - Irvine 2 |
TOP OF THE 14TH |
Los Cabos Cartel batting - Pitching for Irvine Gang Green : RHP Raúl Saltines
|
Batting: LHB Willie Wallace
|
0-0: Called Strike 0-1: Ball 1-1: Ball 2-1: Foul Ball, location: 2F 2-2: Foul Ball, location: 2F 2-2: Fly out, F4 (Popup, 34D)
|
Batting: LHB Tom Waller
|
0-0: Swinging Strike 0-1: Swinging Strike 0-2: Ball 1-2: Strikes out swinging
|
Batting: RHB Danny Crouch
|
0-0: Swinging Strike 0-1: Foul Ball, location: 2F 0-2: Foul Ball, location: 2F 0-2: Ball 1-2: Foul Ball, location: 2F 1-2: Ball 2-2: Fly out, F8 (Flyball, 8LXD)
|
Top of the 14th over - 0 run(s), 0 hit(s), 0 error(s), 0 left on base; Los Cabos 2 - Irvine 2 |
BOTTOM OF THE 14TH |
Irvine Gang Green batting - Pitching for Los Cabos Cartel : RHP Ángel Lara
|
Batting: LHB Jesús Campos
|
0-0: Called Strike 0-1: Ball 1-1: SINGLE (Groundball, 4MD)
|
Batting: LHB Víctor Quiñones
|
0-0: Ball 1-0: Called Strike 1-1: Ball Jesús Campos steals 2nd base 2-1: Called Strike 2-2: Ball 3-2: Strikes out swinging
|
Batting: RHB Buck Jones
|
0-0: Intentional Walk
|
Batting: LHB Bill Murphy
|
0-0: Called Strike 0-1: Called Strike Jesús Campos is caught stealing 3rd base Buck Jones to second 0-2: Foul Ball, location: 2F 0-2: Ball 1-2: Ball 2-2: Foul Ball, location: 2F 2-2: Ball 3-2: SINGLE (Groundball, 34D) Buck Jones to third Buck Jones scores
|
Thursday, March 30th, 2017 - OOTP Baseball 17.12 Build 75
|
|